 Dungeon Crawl Stone Soup version 0.31.0-11-ge490571c62 (webtiles) character file.

Game seed: 9543152199695943087

137 Arcadio the Ducker (level 5, 0/35 HPs)
             Began as a Djinni Fire Elementalist on Jan 27, 2024.
             Slain by a goblin
             ... wielding a +0 dagger
              (1 damage)
             ... on level 3 of the Dungeon.
             The game lasted 00:02:26 (2229 turns).

Arcadio the Ducker (Djinni Fire Elementalist)       Turns: 2229, Time: 00:02:26

Health: 0/35       AC:  2    Str:  7    XL:     5   Next: 44%
Gold:   232        EV: 13    Int: 19    God:
                   SH:  0    Dex: 13

rFire   + + +        c - +0 dagger
rCold   x x .        (no shield)
rNeg    . . .        a - +0 robe
rPois   ∞            (no helmet)
rElec   .            (no cloak)
rCorr   .            (no gloves)
SInv    .            (boots unavailable)
Will    .....        (no amulet)
Stlth   ++           m - ring of fire
HPRegen 0.25/turn    (no ring)
MPRegen 0.00/turn

%: infuse magic (-1 HP)
@: flying
A: sickness immunity, fire resistance 2, cold vulnerability 1, float, innate
caster, HP casting, extra vitality 1
a: no special abilities


You were on level 3 of the Dungeon.
You visited 1 branch of the dungeon, and saw 3 of its levels.

You collected 232 gold pieces.

Inventory:

Hand Weapons
 c - a +0 dagger (weapon)
Armour
 a - a +0 robe (worn)
 j - a +0 buckler
Magical Staves
 n - a staff of cold
Jewellery
 m - a ring of fire (left hand)
Scrolls
 b - 3 scrolls of immolation {unknown}
 e - a scroll of poison {unknown}
 g - 3 scrolls of teleportation {unknown}
 h - 2 scrolls of identify {unknown}
 i - 2 scrolls of vulnerability {unknown}
Potions
 d - a potion of haste {unknown}
 f - a potion of lignification {unknown}
 k - 2 potions of curing {unknown}
 l - a potion of enlightenment {unknown}
 o - a potion of might {unknown}


   Skills:
 + Level 4.3 Dodging
 - Level 1.5 Stealth
 + Level 4.0 Spellcasting
 + Level 4.0 Conjurations
 + Level 4.0 Hexes
 + Level 4.0 Summonings
 + Level 4.0 Necromancy
 + Level 4.0 Translocations
 + Level 4.0 Fire Magic
 + Level 4.0 Ice Magic
 + Level 4.0 Air Magic
 + Level 4.0 Earth Magic
 + Level 4.0 Alchemy


You knew the following spells:

 Your Spells              Type           Power      Damage    Failure   Level
a - Foxfire               Conj/Fire      100%       2x1d9     2%          1
b - Scorch                Fire           58%        2d7       3%          2
c - Volatile Blastmotes   Fire/Tloc      58%        2d14      8%          3
d - Inner Flame           Hex/Fire       29%        N/A       8%          3
e - Flame Wave            Conj/Fire      29%        2d9       26%         4
f - Sandblast             Erth           38%        2d10      2%          1
g - Mercury Vapours       Alch/Air       38%        N/A       3%          2
Your spell library was empty.

Dungeon Overview and Level Annotations

Branches:
Dungeon (3/15)

Altars:


Innate Abilities, Weirdness & Mutations

You are immune to sickness and miasma.
You are immune to poison.
Your flesh is very heat resistant. (rF++)
You are vulnerable to cold. (rC-)
You float through the air rather than walking.
You learn spells naturally, not from books.
Your magical power is your life essence.
You have superior vitality. (+4 MHP)


Message History

Confirm with . or Enter, or press ? or * to list all spells.
You feel a surge of power!
Flames lash the bat.
You kill the bat!
The orc warrior shouts!
You hear an angry hiss.
The goblin hits you but does no damage.
Casting: Scorch (safe; 3% risk of failure)
Confirm with . or Enter, or press ? or * to list all spells.
You feel a surge of power!
Flames lash the orc warrior.
The orc warrior is lightly wounded.
The orc warrior's fire resistance burns away.
The goblin misses you.
A ball python comes into view.
Casting: Scorch (safe; 3% risk of failure)
Confirm with . or Enter, or press ? or * to list all spells.
You feel a surge of power!
You miscast Scorch.
You are very lightly contaminated with residual magic.
Nothing appears to happen.
The ball python hisses angrily.
The orc warrior hits you from afar with a +0 trident!
The goblin closely misses you.
The orc warrior is no longer more vulnerable to fire.
The goblin attacks as it pursues you! The goblin hits you with a +0 dagger.
Casting: Scorch (safe; 3% risk of failure)
Confirm with . or Enter, or press ? or * to list all spells.
You feel a surge of power!
Flames lash the ball python.
You kill the ball python!
The goblin completely misses you.
Casting: Scorch (safe; 3% risk of failure)
Confirm with . or Enter, or press ? or * to list all spells.
You feel a surge of power!
Flames lash the orc warrior but do no damage.
The goblin closely misses you.
Your magical contamination has completely faded away.
The orc warrior attacks as it pursues you!
The orc warrior misses you.
The orc warrior attacks as it pursues you!
The orc warrior hits you from afar with a +0 trident!
* * * LOW HITPOINT WARNING * * *
The goblin attacks as it pursues you! The goblin hits you with a +0 dagger.
You die...

..#..........#........#
#......
..#..........#........#
#......
..#...................#
#......
...#+..#..###).......[#
#......
##.#..###..##.........#
#...... #....##
##.##.........# #......
#.....# #.....######'####
#...... #..#.##
##.#............# #......
..#### ####.†g@.......#
#...... .## ..
##..........###...... ..#
#† ####.o.##.....##........
...#
#.##.#..####.....##.....†..
......#.'....##
#.....##........
.....##?##..###
#.....##........
......###.....##
#.....##........
.......#.)..#..#
#.....##........
............##.#
#.....##........


You could see an orc warrior and a goblin.

Vanquished Creatures
  A hound (D:3)
  7 adders
  A dart slug (D:2)
  A ribbon worm (D:2)
  4 bats
  2 endoplasms
  2 giant cockroaches (D:1)
  5 hobgoblins
  3 quokkas
  2 ball pythons
  2 frilled lizards
  3 goblins
  4 kobolds
  6 rats
43 creatures vanquished.

Vanquished Creatures (others)
  21 foxfires (D:1)
21 creatures vanquished.

Grand Total: 64 creatures vanquished

Notes
Turn   | Place    | Note
-------+----------+-------------------------------------------
     0 | D:1      | Arcadio the Djinni Fire Elementalist began the quest for
                  | the Orb.
     0 | D:1      | Arcadio set off with the following spells memorised:
                  | Foxfire, Scorch, Volatile Blastmotes, Inner Flame, Flame
                  | Wave.
     0 | D:1      | Reached XP level 1. HP: 15/15 MP: 0/0
   195 | D:1      | Reached XP level 2. HP: 12/21 MP: 0/0
   885 | D:2      | Reached XP level 3. HP: 21/25 MP: 0/0
   885 | D:2      | Learned a level 1 spell: Sandblast
  1139 | D:2      | Reached XP level 4. HP: 25/31 MP: 0/0
  1735 | D:3      | Found a faded altar of an unknown god.
  2025 | D:3      | Reached XP level 5. HP: 31/35 MP: 0/0
  2025 | D:3      | Learned a level 2 spell: Mercury Vapours
  2217 | D:3      | Noticed an orc warrior
  2229 | D:3      | HP: 1/35 [orc warrior/+0 trident (11)]
  2229 | D:3      | Slain by a goblin

Illustrated notes

Levels and vault maps discovered:
D:1:      shiori_arrival_oz, layout_basic, reono_crystal_passage
D:2:      layout_loops_ring
D:3:      layout_basic, shapermc_ecumenical_altar_ellora,
          minmay_fractal_squares_gapless_5

Skill      XL: |  1  2  3  4 |
---------------+-------------+-----
Dodging        | 3 4 |  4.3
Spellcasting   | 4 |  4.0
Conjurations   | 4 |  4.0
Hexes          | 4 |  4.0
Summonings     | 4 |  4.0
Necromancy     | 4 |  4.0
Translocations | 4 |  4.0
Fire Magic     | 4 |  4.0
Ice Magic      | 4 |  4.0
Air Magic      | 4 |  4.0
Earth Magic    | 4 |  4.0
Alchemy        | 4 |  4.0
Stealth        | |  1.5

Action                     |  1- 3 |  4- 6 || total
---------------------------+-------+-------++-------
  Melee: Dagger            |     5 |     1 ||     6
         Unarmed           |     2 |       ||     2
   Cast: Foxfire           |    13 |       ||    13
         Scorch            |    24 |    25 ||    49
   Stab: Sleeping          |     1 |       ||     1
 Armour: Robe              |     6 |     8 ||    14
  Dodge: Dodged            |    14 |     8 ||    22
